SA
COLUMBIA RIVER RATS @ CHICAGO TULA
09/01/2022
 
TOP OF THE 1ST
Columbia River Rats batting - Pitching for Chicago Tula : LHP Yeong-hwan Yang
Pitching: LHP Yeong-hwan Yang
Batting: RHB Marcos Calderón 0-0: Hit by Pitch
Batting: RHB Miguel Montoya 0-0: Called Strike
0-1: Fly out, F1 (Popup, 3S)
Batting: RHB Lorenzo Rosas 0-0: Called Strike
0-1: Ball
1-1: Ball
2-1: Fly out, F8 (Flyball, 8RM)
Batting: RHB Raúl Ortíz 0-0: Ball
1-0: Ball
2-0: Foul Ball, location: 2F
2-1: Swinging Strike
2-2: Strikes out swinging
Top of the 1st over - 0 run(s), 0 hit(s), 0 error(s), 1 left on base; Columbia 0 - Chicago 0
BOTTOM OF THE 1ST
Chicago Tula batting - Pitching for Columbia River Rats : RHP Edgardo Nava
Pitching: RHP Edgardo Nava
Batting: RHB Gil Nichols 0-0: Ball
1-0: Ball
2-0: Called Strike
2-1: DOUBLE (Line Drive, 9LM)
Batting: SHB Jake Richardson 0-0: Called Strike
0-1: Swinging Strike
0-2: Ball
1-2: Foul Ball, location: 2F
1-2: Ground out 3-1 (Groundball, 34)
Gil Nichols to third
Batting: RHB Man-u Yi 0-0: Called Strike
0-1: Fly out, F8 (Flyball, 8RXD)
Runner from 3rd tags up, SCORES, no throw
Batting: LHB Arturo Ballina 0-0: Called Strike
0-1: Called Strike
0-2: Ball
1-2: Strikes out swinging
Bottom of the 1st over - 1 run(s), 1 hit(s), 0 error(s), 0 left on base; Columbia 0 - Chicago 1
TOP OF THE 2ND
Columbia River Rats batting - Pitching for Chicago Tula : LHP Yeong-hwan Yang
Batting: LHB Luis Vicenteno 0-0: Called Strike
0-1: Called Strike
0-2: Ball
1-2: Ball
2-2: Foul Ball, location: 2F
2-2: Strikes out swinging
Batting: RHB Eduardo Checchinato 0-0: Ball
1-0: Ball
2-0: Called Strike
2-1: Ball
3-1: Ground out 5-3 (Groundball, 5L)
Batting: RHB Enrique Correa 0-0: Ball
1-0: Ball
2-0: Foul Ball, location: 2F
2-1: Fly out, F3 (Popup, 23F)
Top of the 2nd over - 0 run(s), 0 hit(s), 0 error(s), 0 left on base; Columbia 0 - Chicago 1
BOTTOM OF THE 2ND
Chicago Tula batting - Pitching for Columbia River Rats : RHP Edgardo Nava
Batting: LHB Roberto Sánchez 0-0: Reached on error, E6 (Groundball, 6)
Batting: RHB Héctor Hernández 0-0: Called Strike
0-1: Grounds into double play, 1-6-3 (Groundball, 15)
Batting: RHB Bryan Sanders 0-0: Ball
1-0: Bunted foul
1-1: Ball
2-1: Swinging Strike
2-2: Foul Ball, location: 2F
2-2: Foul Ball, location: 2F
2-2: Foul Ball, location: 2F
2-2: Ball
3-2: Base on Balls
Batting: SHB Vince Barrowcliff 0-0: Called Strike
0-1: Ball
1-1: Called Strike
1-2: Foul Ball, location: 2F
1-2: Ball
Bryan Sanders steals 2nd base
2-2: Ball
3-2: Base on Balls
Batting: LHB Gerald Kaufman 0-0: Called Strike
0-1: Ball
1-1: Ball
2-1: Fly out, F4 (Popup, 4M)
Bottom of the 2nd over - 0 run(s), 0 hit(s), 1 error(s), 2 left on base; Columbia 0 - Chicago 1
TOP OF THE 3RD
Columbia River Rats batting - Pitching for Chicago Tula : LHP Yeong-hwan Yang
Batting: RHB Héctor Gallegos 0-0: Ground out 4-3 (Groundball, 34)
Batting: LHB Juan Montés 0-0: Foul Ball, location: 2F
0-1: Ball
1-1: Swinging Strike
1-2: Ball
2-2: Ball
3-2: Ground out 4-3 (Groundball, 4)
Batting: RHB Marcos Calderón 0-0: Called Strike
0-1: Called Strike
0-2: Ball
1-2: Strikes out swinging
Top of the 3rd over - 0 run(s), 0 hit(s), 0 error(s), 0 left on base; Columbia 0 - Chicago 1
BOTTOM OF THE 3RD
Chicago Tula batting - Pitching for Columbia River Rats : RHP Edgardo Nava
Batting: RHB Gil Nichols 0-0: Called Strike
0-1: Ball
1-1: Ground out 5-3 (Groundball, 56S)
Batting: SHB Jake Richardson 0-0: Ball
1-0: Ball
2-0: Called Strike
2-1: Foul Ball, location: 2F
2-2: Ball
3-2: Strikes out swinging
Batting: RHB Man-u Yi 0-0: Ball
1-0: Called Strike
1-1: Foul Ball, location: 2F
1-2: Ball
2-2: Ball
3-2: Foul Ball, location: 2F
3-2: Base on Balls
Batting: LHB Arturo Ballina 0-0: Ball
1-0: Called Strike
1-1: Foul Ball, location: 2F
1-2: Strikes out swinging
Bottom of the 3rd over - 0 run(s), 0 hit(s), 0 error(s), 1 left on base; Columbia 0 - Chicago 1
TOP OF THE 4TH
Columbia River Rats batting - Pitching for Chicago Tula : LHP Yeong-hwan Yang
Batting: RHB Miguel Montoya 0-0: Called Strike
0-1: Ball
1-1: Ground out 6-3 (Groundball, 6)
Batting: RHB Lorenzo Rosas 0-0: Called Strike
0-1: SOLO HOME RUN (Flyball, 7D), Distance : 383 ft
Batting: RHB Raúl Ortíz 0-0: Ball
1-0: Called Strike
1-1: Foul Ball, location: 2F
1-2: Ball
2-2: Ball
3-2: Strikes out swinging, 2-3 out at first.
Batting: LHB Luis Vicenteno 0-0: Called Strike
0-1: Foul Ball, location: 2F
0-2: Strikes out swinging
Top of the 4th over - 1 run(s), 1 hit(s), 0 error(s), 0 left on base; Columbia 1 - Chicago 1
BOTTOM OF THE 4TH
Chicago Tula batting - Pitching for Columbia River Rats : RHP Edgardo Nava
Batting: LHB Roberto Sánchez 0-0: Called Strike
0-1: Fly out, F7 (Flyball, 7LM)
Batting: RHB Héctor Hernández 0-0: Ball
1-0: Fly out, F8 (Flyball, 8LXD)
Batting: RHB Bryan Sanders 0-0: Ball
1-0: Foul Ball, location: 2F
1-1: Ground out 1-3 (Groundball, 13)
Bottom of the 4th over - 0 run(s), 0 hit(s), 0 error(s), 0 left on base; Columbia 1 - Chicago 1
TOP OF THE 5TH
Columbia River Rats batting - Pitching for Chicago Tula : LHP Yeong-hwan Yang
Batting: RHB Eduardo Checchinato 0-0: Ball
1-0: SINGLE (Line Drive, 4M)
Batting: RHB Enrique Correa 0-0: Bunted foul
0-1: Sac Bunt - play at first, batter OUT! 2-4
Eduardo Checchinato to second
Batting: RHB Héctor Gallegos 0-0: Called Strike
0-1: Ball
1-1: Ball
2-1: Called Strike
2-2: Foul Ball, location: 2F
2-2: Ball
3-2: Fly out, F9 (Flyball, 89M)
Batting: LHB Juan Montés 0-0: Ball
1-0: Ground out 1-3 (Groundball, 25)
Top of the 5th over - 0 run(s), 1 hit(s), 0 error(s), 1 left on base; Columbia 1 - Chicago 1
BOTTOM OF THE 5TH
Chicago Tula batting - Pitching for Columbia River Rats : RHP Edgardo Nava
Batting: SHB Vince Barrowcliff 0-0: Foul Ball, location: 2F
0-1: Fly out, F5 (Line Drive, 56)
Batting: LHB Gerald Kaufman 0-0: Ball
1-0: Ball
2-0: Foul Ball, location: 2F
2-1: Ball
3-1: Ground out 4-3 (Groundball, 4)
Batting: RHB Gil Nichols 0-0: Foul Ball, location: 2F
0-1: Ball
1-1: Swinging Strike
1-2: Strikes out looking
Bottom of the 5th over - 0 run(s), 0 hit(s), 0 error(s), 0 left on base; Columbia 1 - Chicago 1
TOP OF THE 6TH
Columbia River Rats batting - Pitching for Chicago Tula : LHP Yeong-hwan Yang
Batting: RHB Marcos Calderón 0-0: Ball
1-0: Foul Ball, location: 2F
1-1: SINGLE (Line Drive, 89M)
Batting: RHB Miguel Montoya 0-0: Ball
1-0: Sac Bunt - play at first, batter OUT! 5-4
Marcos Calderón to second
Batting: RHB Lorenzo Rosas 0-0: Called Strike
0-1: Foul Ball, location: 2F
0-2: Ball
1-2: Ball
2-2: Strikes out looking
Batting: RHB Raúl Ortíz 0-0: Called Strike
0-1: Swinging Strike
0-2: Ball
1-2: Strikes out swinging
Top of the 6th over - 0 run(s), 1 hit(s), 0 error(s), 1 left on base; Columbia 1 - Chicago 1
BOTTOM OF THE 6TH
Chicago Tula batting - Pitching for Columbia River Rats : RHP Edgardo Nava
Batting: SHB Jake Richardson 0-0: Foul Ball, location: 2F
0-1: Called Strike
0-2: Ball
1-2: Fly out, F7 (Flyball, 7M)
Batting: RHB Man-u Yi 0-0: Fly out, F8 (Flyball, 8LM)
Batting: LHB Arturo Ballina 0-0: Ground out 1-3 (Groundball, 13)
Bottom of the 6th over - 0 run(s), 0 hit(s), 0 error(s), 0 left on base; Columbia 1 - Chicago 1
TOP OF THE 7TH
Columbia River Rats batting - Pitching for Chicago Tula : LHP Yeong-hwan Yang
Pinch Hitting: RHB Edén Mont 0-0: Ball
1-0: Ground out 1-3 (Groundball, 25)
Batting: RHB Eduardo Checchinato 0-0: Foul Ball, location: 2F
0-1: Foul Ball, location: 2F
0-2: Foul Ball, location: 2F
0-2: Ball
1-2: Strikes out swinging
Batting: RHB Enrique Correa 0-0: Ball
1-0: Ball
2-0: Ball
3-0: Base on Balls
Pinch Hitting: RHB Víctor López 0-0: Ball
1-0: Ball
2-0: SINGLE (Line Drive, 78M)
Enrique Correa to second
Pinch Hitting: RHB Bryce Bancroft 0-0: Called Strike
0-1: Ball
1-1: Swinging Strike
1-2: Foul Ball, location: 2F
1-2: Foul Ball, location: 2F
1-2: Foul Ball, location: 2F
1-2: Ball
2-2: Strikes out swinging
Top of the 7th over - 0 run(s), 1 hit(s), 0 error(s), 2 left on base; Columbia 1 - Chicago 1
BOTTOM OF THE 7TH
Chicago Tula batting - Pitching for Columbia River Rats : RHP Edgardo Nava
Now at 3B: Bryce Bancroft
Now in LF: Ron Spence
Now in RF: Víctor López
Batting: LHB Roberto Sánchez 0-0: Ball
1-0: Swinging Strike
1-1: Ball
2-1: Fly out, F8 (Flyball, 78M)
Pinch Hitting: RHB Jim Unknown 0-0: Called Strike
0-1: Ball
1-1: Called Strike
1-2: Ball
2-2: Ball
3-2: Foul Ball, location: 2F
3-2: Base on Balls
Pinch Hitting: LHB Kichisaburo Otani 0-0: Ball
1-0: Swinging Strike
1-1: Ball
2-1: Ground out 4-3 (Groundball, 4M)
Jim Unknown to second
Batting: SHB Vince Barrowcliff 0-0: Fly out, F6 (Popup, 56)
Bottom of the 7th over - 0 run(s), 0 hit(s), 0 error(s), 1 left on base; Columbia 1 - Chicago 1
TOP OF THE 8TH
Columbia River Rats batting - Pitching for Chicago Tula : LHP Yeong-hwan Yang
Now at 3B: Kichisaburo Otani
Now at SS: Arturo Aguilar
Batting: RHB Marcos Calderón 0-0: Called Strike
0-1: Foul Ball, location: 2F
0-2: Ball
1-2: Strikes out swinging
Batting: RHB Miguel Montoya 0-0: Called Strike
0-1: Ball
1-1: Ball
2-1: Ground out 6-3 (Groundball, 6M)
Batting: RHB Lorenzo Rosas 0-0: Called Strike
0-1: Ball
1-1: Ball
2-1: Reached on error, E5 (Groundball, 56S)
Batting: RHB Raúl Ortíz 0-0: Called Strike
0-1: Ball
1-1: Ball
2-1: Swinging Strike
2-2: Strikes out looking
Top of the 8th over - 0 run(s), 0 hit(s), 1 error(s), 1 left on base; Columbia 1 - Chicago 1
BOTTOM OF THE 8TH
Chicago Tula batting - Pitching for Columbia River Rats : RHP Edgardo Nava
Pinch Hitting: RHB Jorge Rodríguez 0-0: Ball
1-0: Foul Ball, location: 2F
1-1: Ball
2-1: Ground out 6-3 (Groundball, 6)
Batting: RHB Gil Nichols 0-0: Foul Ball, location: 2F
0-1: Ball
1-1: Ground out 4-3 (Groundball, 4M)
Batting: SHB Jake Richardson 0-0: Fly out, F8 (Flyball, 8RM)
Bottom of the 8th over - 0 run(s), 0 hit(s), 0 error(s), 0 left on base; Columbia 1 - Chicago 1
TOP OF THE 9TH
Columbia River Rats batting - Pitching for Chicago Tula : LHP Yeong-hwan Yang
Pitching: RHP Jim Unknown
Now in RF: Jorge Rodríguez
Pinch Hitting: LHB Carlos Rodríguez 0-0: Ball
1-0: Called Strike
1-1: Ball
2-1: Ground out U3 (Groundball, 3S)
Pinch Hitting: SHB Jim Unknown 0-0: Foul Ball, location: 2F
0-1: Ball
1-1: Called Strike
1-2: Foul Ball, location: 2F
1-2: Foul Ball, location: 2F
1-2: Foul Ball, location: 2F
1-2: Ground out 6-3 (Groundball, 6)
Batting: RHB Enrique Correa 0-0: Ball
1-0: Foul Ball, location: 2F
1-1: Ball
2-1: Ball
3-1: Foul Ball, location: 2F
3-2: Strikes out swinging
Top of the 9th over - 0 run(s), 0 hit(s), 0 error(s), 0 left on base; Columbia 1 - Chicago 1
BOTTOM OF THE 9TH
Chicago Tula batting - Pitching for Columbia River Rats : RHP Edgardo Nava
Pitching: RHP Juan Lara
Now at C: Anastasio Gómez
Now in LF: Carlos Rodríguez
Batting: RHB Man-u Yi 0-0: Foul Ball, location: 2F
0-1: Ground out 5-3 (Groundball, 5)
Batting: LHB Arturo Ballina 0-0: Swinging Strike
0-1: Foul Ball, location: 2F
0-2: Strikes out swinging
Batting: LHB Roberto Sánchez 0-0: Fly out, F8 (Flyball, 8LM)
Bottom of the 9th over - 0 run(s), 0 hit(s), 0 error(s), 0 left on base; Columbia 1 - Chicago 1
TOP OF THE 10TH
Columbia River Rats batting - Pitching for Chicago Tula : RHP Jim Unknown
Batting: RHB Víctor López 0-0: Swinging Strike
0-1: Foul Ball, location: 2F
0-2: Strikes out looking
Batting: RHB Bryce Bancroft 0-0: Ball
1-0: Fly out, F8 (Flyball, 89D)
Batting: RHB Marcos Calderón 0-0: Fly out, F8 (Flyball, 8LM)
Top of the 10th over - 0 run(s), 0 hit(s), 0 error(s), 0 left on base; Columbia 1 - Chicago 1
BOTTOM OF THE 10TH
Chicago Tula batting - Pitching for Columbia River Rats : RHP Juan Lara
Pinch Hitting: RHB Tony Cantú 0-0: Ball
1-0: Fly out, F3 (Popup, 34)
Batting: LHB Kichisaburo Otani 0-0: Called Strike
0-1: Called Strike
0-2: Foul Ball, location: 2F
0-2: Fly out, F7 (Flyball, 7LS)
Batting: SHB Vince Barrowcliff 0-0: Foul Ball, location: 2F
0-1: Ball
1-1: Ground out U3 (Groundball, 3L)
Bottom of the 10th over - 0 run(s), 0 hit(s), 0 error(s), 0 left on base; Columbia 1 - Chicago 1
TOP OF THE 11TH
Columbia River Rats batting - Pitching for Chicago Tula : RHP Jim Unknown
Pitching: RHP Jim Unknown
Now at SS: Júlio Rodríguez
Pinch Hitting: LHB António Ramos 0-0: Called Strike
0-1: Swinging Strike
0-2: Strikes out swinging
Batting: RHB Lorenzo Rosas 0-0: Called Strike
0-1: SINGLE (Groundball, 3S)
Batting: RHB Raúl Ortíz 0-0: Ball
1-0: Ball
2-0: Fly out, F7 (Flyball, 7S)
Batting: LHB Carlos Rodríguez 0-0: Ball
1-0: Foul Ball, location: 2F
1-1: Ball
2-1: Foul Ball, location: 2F
2-2: SINGLE (Line Drive, 7LS)
Lorenzo Rosas to second
Pinch Hitting: RHB Bob Miller 0-0: Swinging Strike
0-1: Ball
1-1: Swinging Strike
1-2: Strikes out swinging
Top of the 11th over - 0 run(s), 2 hit(s), 0 error(s), 2 left on base; Columbia 1 - Chicago 1
BOTTOM OF THE 11TH
Chicago Tula batting - Pitching for Columbia River Rats : RHP Juan Lara
Now at C: António Ramos
Now at SS: Corey Vaughn
Batting: RHB Jorge Rodríguez 0-0: Foul Ball, location: 2F
0-1: Swinging Strike
0-2: Strikes out swinging
Batting: RHB Gil Nichols 0-0: Called Strike
0-1: Called Strike
0-2: Ball
1-2: Ball
2-2: Ball
3-2: Base on Balls
Batting: SHB Jake Richardson 0-0: Ball
Gil Nichols is caught stealing 2nd base
1-0: SOLO HOME RUN (Flyball, 89XD), Distance : 395 ft
This league is powered by Out of the Park Baseball, the baseball management simulation game for PC, Mac and Linux
Friday, April 15th, 2016 - OOTP Baseball 16.9 Build 39